 Dungeon Crawl Stone Soup version 0.28.0-53-g5a82cb258f (webtiles) character file.

Game seed: 6052498351164898990

19 Godmorgon the Covered (level 2, 27/27 HPs)
             Began as a Minotaur Fighter on Aug 6, 2022.
             Got out of the dungeon alive.
             The game lasted 00:03:40 (546 turns).

Godmorgon the Covered (Minotaur Fighter)             Turns: 546, Time: 00:03:41

Health: 27/27      AC:  7    Str: 20    XL:     2   Next: 55%
Magic:  1/1        EV:  9    Int:  5    God:
Gold:   12         SH:  4    Dex:  9    Spells: 1/1 levels left

rFire   . . .      SeeInvis .   a - +0 flail
rCold   . . .      Faith    .   c - +0 buckler
rNeg    . . .      Spirit   .   b - +0 scale mail
rPois   .          Reflect  .   (helmet restricted)
rElec   .          Harm     .   (no cloak)
rCorr   .          Rampage  .   (no gloves)
Will    .....                   (no boots)
Stlth   ..........              (no amulet)
HPRegen 0.09/turn               (no ring)
MPRegen 0.07/turn               (no ring)

@: no status effects
A: horns 2, retaliatory headbutt
a: no special abilities


You escaped.
You visited 1 branch of the dungeon, and saw 1 of its levels.

You collected 12 gold pieces.

Inventory:

Hand Weapons
 a - a +0 flail (weapon)
Missiles
 e - 2 boomerangs (quivered)
Armour
 b - a +0 scale mail (worn)
 c - a +0 buckler (worn)
Scrolls
 f - a scroll of identify {unknown}
Potions
 d - a potion of might


   Skills:
 + Level 3.9 Fighting
 * Level 3.1 Maces & Flails
 + Level 3.9 Armour
 + Level 3.9 Shields


You had one spell level left.
You didn't know any spells.
Your spell library was empty.

Dungeon Overview and Level Annotations

Branches:
Dungeon (1/15)

Altars:


Innate Abilities, Weirdness & Mutations

You have a pair of horns on your head.
You reflexively headbutt those who attack you in melee.


Message History

Your Maces & Flails skill increases to level 3!
You thump the giant cockroach!
You kill the giant cockroach!
A kobold comes into view. It is wielding a +0 dagger.
The kobold shouts!
You hear a shout!
There is a stone staircase leading down here.
A goblin comes into view. It is wielding a +0 dagger.
The goblin shouts!
You see here a scroll labelled ARIESE EMEODOKK.
The kobold hits you but does no damage. You block the goblin's attack.
You barely miss the goblin. The kobold hits you with a +0 dagger.
The goblin closely misses you.
You hit the goblin.
You kill the goblin!
You block the kobold's attack. The kobold hits you but does no damage.
You hit the kobold.
You kill the kobold!
You see here a +0 dagger.
f - a scroll labelled ARIESE EMEODOKK
Things that are here:
a +0 dagger; a goblin corpse You open the door.
There is an open door here.
You open the door.
There is an open door here.
You open the door.
Found 10 stones.
Found a stone staircase leading down.
Lua error: /dgldir/rcfiles/crawl-0.28/Godmorgon.rc:25: '=' expected near '+' Welcome back, Godmorgon the Minotaur Fighter.
Press ? for a list of commands and other information.
There is an open door here.
You see here 21 stones.
There is a stone staircase leading down here.
As you open the door, it creaks loudly!
There is an open door here.
There is a staircase leading out of the dungeon here.
Are you sure you want to leave the Dungeon?
This will make you lose the game!
Uppercase [Y]es or [N]o only, please.
Are you sure you want to leave the Dungeon?
This will make you lose the game!
You have escaped!

...##...............###.....#.
.. ...##.....######.##.#
.....#..## ##.##......# #.##.#
## #.. . #.##......#####'#####
##+##......#.........#
...........#.........#
....#......#..⌠...⌠..#
....#......#.........#
....#......+....@....+
....#......#.........#
....###+##.#..⌠...⌠..#
......(....#.........#
....###.##.#.........#.
....###.##.#####'#####.#
....'..................# ...#
....#####...#####.####.# ...#
###.# ##...# ##'####.## ...#


There were no monsters in sight!

Vanquished Creatures
  A dart slug (D:1)
  2 ball pythons (D:1)
  An endoplasm (D:1)
  2 giant cockroaches (D:1)
  2 goblins (D:1)
  2 bats (D:1)
  2 frilled lizards (D:1)
  3 kobolds (D:1)
  2 rats (D:1)
17 creatures vanquished.

Notes
Turn   | Place    | Note
-------+----------+-------------------------------------------
     0 | D:1      | Godmorgon the Minotaur Fighter began the quest for the Orb.
     0 | D:1      | Reached XP level 1. HP: 19/19 MP: 0/0
   370 | D:1      | Reached XP level 2. HP: 25/27 MP: 1/1
   546 | D:$      | Got out of the dungeon alive.

Illustrated notes

Levels and vault maps discovered:
D:1:      mushboom_english_gardens, layout_basic, st_stairs_9

Skill      XL: |  1  2 |
---------------+-------+-----
Maces & Flails | 3 |  3.1
Fighting       | |  3.9
Armour         | |  3.9
Shields        | |  3.9

Action                   || total
-------------------------++-------
Melee: Flail             ||    38
       Headbutt          ||     3
Armor: Scale mail        ||    20
Dodge: Dodged            ||    13
Block: Buckler           ||    10
